 Dungeon Crawl Stone Soup version 0.30.2 (webtiles) character file.

Game seed: 12501190477891835835

4729 porpoise the Cleaver (level 10, -3/91 HPs)
             Began as a Hill Orc Fighter on Feb 21, 2024.
             Was a Follower of Qazlal.
             Slain by a death yak (5 damage)
             ... on level 7 of the Dungeon.
             The game lasted 00:19:55 (7301 turns).

porpoise the Cleaver (Hill Orc Fighter)             Turns: 7301, Time: 00:19:56

Health: -3/91      AC: 18    Str: 24    XL:     10   Next: 46%
Magic:  14/14      EV:  9    Int:  8    God:    Qazlal [*.....]
Gold:   363        SH:  8    Dex: 10    Spells: 9/9 levels left

rFire   . . .        a - +0 war axe
rCold   . . .        c - +1 buckler
rNeg    + . .        f - +0 chain mail {rN+}
rPois   .            P - +2 helmet
rElec   .            J - +0 cloak
rCorr   .            H - +0 pair of gloves
SInv    .            (no boots)
Will    .....        (no amulet) Stlth
                     s - +4 ring of slaying
HPRegen 0.35/turn    m - +4 ring of protection
MPRegen 0.14/turn

%: no passive effects
@: no status effects
A: no striking features
a: Renounce Religion


You were on level 7 of the Dungeon.
You worshipped Qazlal.
Qazlal was aware of your devotion.
You visited 2 branches of the dungeon, and saw 9 of its levels.

You collected 363 gold pieces.

Inventory:

Hand Weapons
 a - a +0 war axe (weapon)
 b - a +0 sling
Missiles
 l - 9 poisoned darts
 A - 21 boomerangs
 F - 6 datura-tipped darts
 K - 4 throwing nets
 M - 5 curare-tipped darts (quivered)
Armour
 c - a +1 buckler (worn)
 f - a +0 chain mail of positive energy (worn)
 H - a +0 pair of gloves (worn)
 J - a +0 cloak (worn)
 N - the +1 leather armour "Ugamul" {rPois Will+ Dex+2 SInv}
   (You found it on level 6 of the Dungeon)

   Dex:       It affects your dexterity (+2).
   rPois:     It protects you from poison.
   SInv:      It lets you see invisible.
   Will:      It increases your willpower.
 P - a +2 helmet (worn)
Jewellery
 e - a ring of protection from fire
 i - a +6 ring of intelligence
 m - a +4 ring of protection (right hand)
 r - an amulet of magic regeneration
 s - a +4 ring of slaying (left hand)
 G - a ring of protection from cold
 Q - a +6 ring of intelligence
Wands
 d - a wand of quicksilver (5)
 w - a wand of digging (8)
 E - a wand of mindburst (9)
 O - a wand of charming (10)
Scrolls
 h - a scroll of amnesia {unknown}
 j - a scroll of fog
 n - 2 scrolls of immolation
 o - a scroll of noise
 t - a scroll of silence
 v - a scroll of poison
 y - a scroll of vulnerability {unknown}
 z - a scroll of fear
 B - a scroll of brand weapon
 D - a scroll of enchant armour
 L - a scroll of teleportation
Potions
 g - 3 potions of invisibility
 k - 2 potions of curing
 p - a potion of mutation
 u - a potion of attraction
 x - a potion of flight
 C - 2 potions of ambrosia
 I - 3 potions of lignification


   Skills:
 - Level 9.0 Fighting
 * Level 14.1 Axes
 - Level 3.2 Armour
 + Level 2.4 Dodging
 - Level 7.0 Shields
 + Level 5.9 Invocations


You had 9 spell levels left.
You didn't know any spells.
Your spell library contained the following spells:

 Spells                   Type           Power      Damage    Failure   Level
 Animate Armour           Summ/Erth      0%         N/A       100%        4
 Leda's Liquefaction      Hex/Erth       0%         N/A       100%        4
 Petrify                  Tmut/Erth      0%         N/A       100%        4
 Blade Hands              Tmut           0%         N/A       100%        5
 Lee's Rapid Deconstruct  Erth           0%         3d4*      100%        5
 Metabolic Englaciation   Hex/Ice        0%         N/A       100%        5
 Iron Shot                Conj/Erth      0%         9d1       100%        6
 Statue Form              Tmut/Erth      0%         N/A       100%        6


Dungeon Overview and Level Annotations

Branches:
Dungeon (8/15)             Temple (1/1) D:5
   Lair: D:8-11

Altars:
Cheibriados
Dithmenos
Fedhas
Hepliaklqana
Nemelex Xobeh
Qazlal
Wu Jian
Zin
The Shining One

Shops:
D:6 *


Message History

* * * LOW HITPOINT WARNING * * *
Unknown command.
You feel much better. The yak gores you but does no damage.
The death yak gores you!
* * * LOW HITPOINT WARNING * * *
As you read the scroll of fear, it crumbles to dust.
You assume a fearsome visage.
The yak looks frightened!
The death yak resists with some effort.
You block the death yak's attack.
You feel better.
The death yak gores you but does no damage.
You feel better. The death yak gores you.
* * * LOW HITPOINT WARNING * * *
You hit the death yak.
The death yak is heavily wounded.
You block the death yak's attack.
You slash the death yak!
The death yak is heavily wounded.
You slash the death yak!
The death yak is severely wounded.
The death yak gores you!
* * * LOW HITPOINT WARNING * * *
You slash the death yak!
The death yak is severely wounded.
You block the death yak's attack.
You hit the death yak but do no damage.
The death yak is severely wounded.
The death yak gores you!
* * * LOW HITPOINT WARNING * * *
You hit the death yak.
The death yak is almost dead.
The death yak gores you but does no damage.
You hit the death yak.
The death yak is almost dead.
You hit the death yak but do no damage.
The death yak is almost dead.
The death yak closely misses you.
You slash the death yak!
The death yak is almost dead.
The death yak gores you.
You die...

#.........#..#.########...#####.
#............#.# #.........
#########....#.# #...######
#..###.# #...# #... #..###.#
####...###.##
#......#####............
#######.##........#.....#..##
#.......##.#†..#..#..........
#####.#.....##.#@#...............
........##.###.#.Y.#..#........##
#####.####.# #.##.##..#.#...#..##
#.####.# #...................
#......# ###....#############
######## #....# ######### ####.#
#........ #.# ###.####### #.#
#.....# #


You could see a death yak.

Vanquished Creatures
  A death yak (D:7)
  Prince Ribbit (D:7)
  A troll (D:7)
  Grinder (D:3)
  Sigmund (D:6)
  Eustachio (D:4)
  3 yaks (D:8)
  5 ice beasts
  3 ogres
  A wolf (D:5)
  2 phantoms
  A bullfrog (D:6)
  3 gnoll sergeants
  3 howler monkeys (D:7)
  2 jellies
  3 orc priests
  4 gnoll boudas
  12 hounds
  2 iguanas
  2 sleepcaps
  6 orc wizards
  39 gnolls
  11 adders
  2 white imps (D:6)
  An ufetubus (D:5)
  A worm (D:2)
  4 dart slugs
  20 orcs
  11 ball pythons
  8 endoplasms
  4 giant cockroaches
  7 hobgoblins
  17 jackals
  6 kobolds
  5 quokkas
  3 bats
  2 frilled lizards
  5 goblins
  6 rats
210 creatures vanquished.

Notes
Turn   | Place    | Note
-------+----------+-------------------------------------------
     0 | D:1      | porpoise the Hill Orc Fighter began the quest for the Orb.
     0 | D:1      | Reached XP level 1. HP: 19/19 MP: 1/1
    49 | D:1      | Reached skill level 3 in Axes
   107 | D:1      | Reached XP level 2. HP: 27/27 MP: 2/2
   162 | D:1      | Found a faded altar of an unknown god.
   550 | D:2      | Reached XP level 3. HP: 33/33 MP: 3/3
   633 | D:2      | Reached skill level 4 in Axes
  1012 | D:2      | Reached XP level 4. HP: 22/40 MP: 4/4
  1669 | D:3      | Reached skill level 5 in Axes
  1669 | D:3      | Reached XP level 5. HP: 44/47 MP: 5/5
  1747 | D:3      | Reached skill level 5 in Fighting
  1751 | D:3      | Reached XP level 6. HP: 32/56 MP: 6/6
  1762 | D:3      | Reached skill level 6 in Axes
  1883 | D:3      | Found a blossoming altar of Fedhas.
  2069 | D:3      | Noticed Grinder
  2080 | D:3      | Paralysed by Grinder for 5 turns
  2087 | D:3      | Killed Grinder
  2495 | D:4      | Reached skill level 7 in Axes
  2495 | D:4      | Reached XP level 7. HP: 59/61 MP: 7/7
  2540 | D:4      | Reached skill level 5 in Shields
  2607 | D:4      | Found a shadowy altar of Dithmenos.
  2721 | D:4      | Reached skill level 8 in Axes
  3011 | D:4      | Noticed Eustachio
  3032 | D:4      | Killed Eustachio
  3033 | D:4      | Reached XP level 8. HP: 25/71 MP: 8/8
  3279 | D:5      | Entered Level 5 of the Dungeon
  3337 | D:5      | Identified the +1 leather armour of Past Mistakes {rN++
                  | Str-5 Dex+6}
  3352 | D:5      | Reached skill level 9 in Axes
  3771 | D:5      | Reached skill level 10 in Axes
  3967 | D:5      | Reached XP level 9. HP: 79/79 MP: 9/9
  4206 | D:5      | Reached skill level 11 in Axes
  4835 | D:5      | Found a staircase to the Ecumenical Temple.
  4841 | Temple   | Entered the Ecumenical Temple
  4944 | Temple   | Became a worshipper of Qazlal Stormbringer
  5141 | D:6      | Identified the +1 leather armour "Ugamul" {rPois Will+
                  | Dex+2 SInv}
  5143 | D:6      | Found a glowing golden altar of the Shining One.
  5170 | D:6      | Reached skill level 1 in Invocations
  5211 | D:6      | Noticed Sigmund
  5222 | D:6      | Killed Sigmund
  5391 | D:6      | Reached skill level 12 in Axes
  5679 | D:6      | Reached * piety under Qazlal
  5955 | D:6      | Found Nizxics's Overcharged Wands.
  6288 | D:7      | Noticed Prince Ribbit
  6307 | D:7      | Killed Prince Ribbit
  6308 | D:7      | Reached skill level 13 in Axes
  6308 | D:7      | Reached XP level 10. HP: 63/91 MP: 13/13
  6686 | D:7      | Reached skill level 1 in Dodging
  7214 | D:8      | Noticed a death yak
  7219 | D:8      | Reached skill level 5 in Invocations
  7220 | D:8      | Noticed a death yak
  7234 | D:7      | Killed a death yak
  7270 | D:8      | Noticed a death yak
  7277 | D:8      | Reached skill level 14 in Axes
  7288 | D:7      | HP: 4/91 [death yak (14)]
  7297 | D:7      | HP: 1/91 [death yak (7)]
  7301 | D:7      | Slain by a death yak

Illustrated notes

Levels and vault maps discovered:
D:1:      minmay_arrival_radiant_lines, layout_rooms,
          shapermc_ecumenical_altar_starsandcircs, minmay_octomino_e4
D:2:      layout_basic, minivault_26, corexii_corridor_pit
D:3:      layout_rooms, mainiacjoe_overflow_surrounded_room, uniq_grinder
D:4:      layout_gridville, grunt_dithmenos_smoke, dreamdust_gnoll_farm,
          uniq_eustachio
D:5:      layout_cave_pods, minmay_temple_entry_fiery, serial_gnoll_camp,
          gnoll_camp_huts_moat, gnoll_camp_mini_doghouse, gnoll_camp_mini_house,
          gnoll_camp_mini_loothouse
D:6:      layout_loops_corners, tso_metal_star, nicolae_shop_overcharged_wands,
          uniq_sigmund
D:7:      layout_loops_cross, uniq_prince_ribbit1
D:8:      layout_rooms, nicolae_ashenzari_panopticon, dpeg_lair_monsters,
          minmay_radiant
Temple:   minmay_temple_curvy_loop

Skill      XL: |  1  2  3  4  5  6  7  8  9 10 |
---------------+-------------------------------+-----
Axes           | 3 4 5 7 8 10 13 14 | 14.1
Fighting       | 4 5 6 7 9 |  9.0
Shields        | 4 5 6 7 |  7.0
Invocations    | 4 5 |  5.9
Dodging        | 2 |  2.4
Armour         | |  3.2

Action                     |  1- 3 |  4- 6 |  7- 9 | 10-12 || total
---------------------------+-------+-------+-------+-------++-------
  Melee: War axe           |    63 |   126 |   324 |    55 ||   568
   Fire: Sling             |    20 |     1 |   111 |       ||   132
  Throw: Dart              |       |       |     4 |       ||     4
    Use: Scroll            |       |     5 |     8 |     5 ||    18
         Potion            |       |       |     2 |     3 ||     5
 Armour: Scale mail        |    39 |    64 |       |       ||   103
         Chain mail        |       |       |   184 |    27 ||   211
  Dodge: Dodged            |    21 |    45 |   123 |    17 ||   206
  Block: Buckler           |    21 |    19 |    91 |    17 ||   148
